 Dungeon Crawl Stone Soup version 0.24.1-14-gf8d2b509d9 (webtiles) character file.

Game seed: 8000452183241283800, levelgen mode: deterministic

66 Hugehornet the Insei (level 4, -2/28 HPs)
             Began as an Octopode Transmuter on May 16, 2020.
             Splashed by a jelly's acid (10 damage)
             ... on level 2 of the Dungeon.
             The game lasted 00:02:38 (2106 turns).

Hugehornet the Insei (Octopode Transmuter)          Turns: 2106, Time: 00:02:38

Health: -2/28      AC: -3    Str:  9    XL:     4   Next: 15%
Magic:  1/8        EV: 13    Int: 16    God:
Gold:   67         SH:  0    Dex: 12    Spells: 2/8 levels left

rFire    . . .     SeeInvis .     - Unarmed
rCold    . . .     Gourm    .   (no shield)
rNeg     . . .     Faith    .   (helmet restricted)
rPois    .         Spirit   .   (no amulet)
rElec    .         Reflect  .   (no ring)
rCorr    .         Harm     .   (no ring)
MR       .....                  (no ring)
Stlth    ++........             (no ring)
HPRegen  0.09/turn              (no ring)
MPRegen  0.11/turn              (no ring)
                                (no ring)
                                (no ring)

@: appendage, corroded, very slightly contaminated
A: almost no armour, stealthy swim, amphibious, 8 rings, constrict 8, tentacle
spike 3, camouflage 1, gelatinous body 1
a: End Transformation


You were on level 2 of the Dungeon.
You were not hungry.
One of your tentacles had a temporary spike.
You visited 1 branch of the dungeon, and saw 2 of its levels.

You collected 67 gold pieces.

Inventory:

Missiles
 a - 20 arrows
Scrolls
 b - 2 scrolls of remove curse {unknown}
 e - 2 scrolls of identify {unknown}
 g - 3 scrolls of teleportation {unknown}
 i - a scroll of enchant weapon {unknown}
Potions
 d - a potion of haste {unknown}
 f - a potion of magic {unknown}
 h - 2 potions of curing
 j - a potion of brilliance {unknown}
 k - a potion of mutation {unknown}
 l - a potion of resistance {unknown}
Comestibles
 c - 2 rations


   Skills:
 - Level 1.0 Fighting
 - Level 2.0 Dodging
 + Level 3.2 Unarmed Combat
 + Level 2.7 Spellcasting
 - Level 3.0 Transmutations
 * Level 1.8 Poison Magic


You had 2 spell levels left.
You knew the following spells:

 Your Spells              Type           Power        Failure   Level  Hunger
a - Beastly Appendage     Tmut           ##....       5%          1    #......
b - Sticks to Snakes      Tmut           ##......     9%          2    ##.....
c - Spider Form           Tmut/Pois      ##........   22%         3    ###....

Your spell library contained the following spells:

 Spells                   Type           Power        Failure   Level  Hunger
 Ice Form                 Ice/Tmut       #.......     71%         4    #####..
 Blade Hands              Tmut           ##........   83%         5    ######.


Dungeon Overview and Level Annotations

Branches:
Dungeon (2/15)

Altars:

Annotations:
D:2 exclusion: scorpion


Innate Abilities, Weirdness & Mutations

You cannot wear most types of armour.
You are very stealthy in the water. (Stealth+)
You are amphibious.
You can wear up to eight rings at the same time.
You can use your tentacles to constrict eight enemies at once.
Your skin changes colour to match your surroundings (Stealth+).
Your rubbery body absorbs attacks. (AC +1, EV +1)
One of your tentacles bears a large vicious spike.


Message History

You swap places.
Your ball python bites the jelly.
Your ball python is burned by acid!
Your ball python withers and dies!
Casting: Sticks to Snakes (safe; 9% risk of failure)
Confirm with . or Enter, or press ? or * to list all spells.
One of your tentacles grows a vicious spike.
The jelly hits you. The acid corrodes you!
You are splashed with acid!
You barely miss the jelly.
You pierce the jelly.
The jelly is heavily wounded.
The jelly completely misses you.
You tentacle-slap the jelly but do no damage.
Your tentacles burn!
You squeeze the jelly, but do no damage.
The jelly is heavily wounded.
The jelly barely misses you.
You tentacle-slap the jelly.
Your tentacles burn!
The jelly is severely wounded.
The jelly hits you.
* * * LOW HITPOINT WARNING * * *
You are splashed with acid!
You die...

#.#######...)............#
#.# ##.########.####.# #.#
#.# #.# #.## .÷# #.# #.#
#..# ### #.# #.# #..# # #.#
###.####..# # #.#
#.........##
##########.######.#.####...#
...............J@.#.## #...#
.#.####....#######...###...#
. .#.# #.# #.....#...#####.
##.# #...#.#......... #.#
######.#.#.###.## #.#
#........)......# #.#
#.####.###....... #.# #.#
#.####.# ##†# #.# #[# #.#


You could see a jelly.

Vanquished Creatures
  An adder (D:2)
  An ooze (D:1)
  A worm (D:2)
  2 leopard geckos
  5 giant cockroaches
  8 hobgoblins
  9 kobolds
  2 quokkas (D:2)
  5 bats
  4 goblins (D:1)
  4 rats
42 creatures vanquished.

Notes
Turn   | Place    | Note
-------+----------+-------------------------------------------
     0 | D:1      | Hugehornet the Octopode Transmuter began the quest for the
                  | Orb.
     0 | D:1      | Reached XP level 1. HP: 13/13 MP: 3/3
   197 | D:1      | Reached XP level 2. HP: 18/18 MP: 3/5
   547 | D:1      | Learned a level 2 spell: Sticks to Snakes
   563 | D:1      | Reached XP level 3. HP: 16/23 MP: 4/6
   568 | D:1      | Learned a level 3 spell: Spider Form
  1567 | D:2      | Reached skill level 1 in Poison Magic
  1626 | D:2      | Reached XP level 4. HP: 18/28 MP: 6/8
  2106 | D:2      | Splashed by a jelly's acid

Levels and vault maps discovered:
D:1:      dpeg_arrival_stonehenge_8_columns, layout_basic
D:2:      layout_loops_ring, okawaru_gym_becter, zin_scriptorium, first_ration,
          grunt_qazlal_sundering

Skill      XL: |  1  2  3 |
---------------+----------+-----
Transmutations | 3 |  3.0
Poison Magic   | 1 |  1.8
Fighting       | |  1.0
Dodging        | |  2.0
Unarmed Combat | |  3.2
Spellcasting   | |  2.7

Action                   |  1- 3 |  4- 6 || total
-------------------------+-------+-------++-------
Melee: Unarmed           |    72 |    22 ||    94
       Constrict         |    22 |     7 ||    29
       Kick              |    19 |     4 ||    23
       Tentacles         |    12 |     4 ||    16
       Punch             |     1 |     1 ||     2
 Cast: Beastly Appendage |    23 |     6 ||    29
       Sticks to Snakes  |       |     3 ||     3
  Use: Potion            |     1 |       ||     1
 Stab: Sleeping          |     6 |     2 ||     8
  Eat: Chunk             |     2 |     2 ||     4
Armor: Skin              |     2 |     1 ||     3
Dodge: Dodged            |    44 |    27 ||    71
